 Dungeon Crawl Stone Soup version 0.25.1-3-ge44b62a0b3 (webtiles) character file.

Game seed: 8571632702988234563

16990 Erymatos the Severer (level 12, -4/106 HPs)
             Began as a Minotaur Berserker on Nov 24, 2020.
             Was a High Priest of Trog.
             Slain by a shadow (16 damage)
             ... on level 12 of the Dungeon.
             The game lasted 00:16:39 (9773 turns).

Erymatos the Severer (Minotaur Berserker)           Turns: 9773, Time: 00:16:40

Health: -4/106     AC: 19    Str: 26    XL:     12   Next: 14%
Magic:  11/11      EV:  8    Int:  4    God:    Trog [*****.]
Gold:   377        SH: 18    Dex: 11    Spells: 11/11 levels left

rFire    + . .     SeeInvis .   M - +3 broad axe
rCold    . . .     Gourm    .   I - +0 tower shield
rNeg     . . .     Faith    .   C - +0 chain mail
rPois    .         Spirit   .   (helmet restricted)
rElec    .         Reflect  .   N - scarf {repulsion}
rCorr    .         Harm     .   o - +2 pair of gloves
MR       ++...                  (no boots)
Stlth    ..........             s - amulet of the acrobat
HPRegen  1.27/turn              g - +4 ring of protection
MPRegen  0.12/turn              k - ring of protection from fire

@: berserk cooldown, regenerating, slowed, repel missiles, very slow
A: retaliatory headbutt, horns 2
a: Berserk, Trog's Hand, Brothers in Arms, Renounce Religion


You were on level 12 of the Dungeon.
You worshipped Trog.
Trog was extremely pleased with you.
You were near starving.

You visited 1 branch of the dungeon, and saw 11 of its levels.
You also visited: Ossuary.

You collected 792 gold pieces.
You spent 415 gold pieces at shops.

Inventory:

Hand Weapons
 a - a +0 hand axe
 i - a +0 war axe
 M - a +3 broad axe (weapon)
Armour
 b - a +0 animal skin
 f - a +0 buckler
 o - a +2 pair of gloves (worn)
 q - a +0 ring mail
 C - a +0 chain mail (worn)
 F - the +0 cloak of Tomorrow {-Tele Regen+ Stlth+}
   (You bought it in a shop on level 8 of the Dungeon)

   It prevents most forms of teleportation.
   It increases your rate of regeneration.
   It makes you more stealthy.
 I - a +0 tower shield (worn)
 K - a scarf of harm
 N - a scarf of repulsion (worn)
Jewellery
 g - a +4 ring of protection (left hand)
 k - a ring of protection from fire (right hand)
 s - an amulet of the acrobat (around neck)
 E - an uncursed ring of poison resistance {unknown}
Wands
 B - a wand of random effects (17)
 H - a wand of paralysis (13)
 J - a wand of disintegration (14)
 L - a wand of acid (8)
 O - a wand of clouds (5)
 T - a wand of iceblast (7)
Scrolls
 e - a scroll of fog
 h - 10 scrolls of remove curse
 j - 4 scrolls of enchant armour
 m - 6 scrolls of teleportation
 n - 5 scrolls of amnesia
 t - 2 scrolls of noise {unknown}
 v - 6 scrolls of magic mapping
 y - 3 scrolls of blinking {unknown}
 D - a scroll of torment {unknown}
 G - 2 scrolls of immolation {unknown}
 R - a scroll of fear {unknown}
 S - a scroll of brand weapon {unknown}
Potions
 d - 4 potions of curing
 l - 5 potions of heal wounds
 p - a potion of brilliance
 r - 5 potions of flight
 u - 2 potions of invisibility
 w - 3 potions of cancellation
 x - a potion of berserk rage
 z - a potion of ambrosia
 A - a potion of mutation
 Q - 2 potions of degeneration {unknown}
 U - a potion of haste {unknown}
Comestibles
 c - 18 rations


   Skills:
 + Level 10.1 Fighting
 + Level 15.3 Axes
 + Level 10.7 Armour
 + Level 5.5 Dodging
 - Level 0.6 Stealth
 + Level 9.7 Shields


You had 11 spell levels left.
You didn't know any spells.
Your spell library was empty.

Dungeon Overview and Level Annotations

Branches:
Dungeon (12/15)              Lair (0/6) D:11            Orc (0/2) D:10
Ossuary (visited)
 Temple: D:4-7

Altars:
Ru
Vehumet
Wu Jian
Zin

Shops:
D:8 %*[:   D:9 =   D:10 *


Innate Abilities, Weirdness & Mutations

You reflexively headbutt those who attack you in melee.
You have a pair of horns on your head.


Message History

Unknown command.
Unknown command.
You feel a strong urge to attack something.
A shadow comes into view.
Unknown command.
You are no longer berserk.
Trog's vigour flows through your veins.
You are exhausted.
You feel as though you will be slow longer.
Unknown command.
Unknown command.
Your skin crawls.
You feel resistant to hostile enchantments.
You feel somewhat more hungry.
You feel better.
The shadow slips into darkness.
The shadow flickers and vanishes!
Deactivating autopickup; reactivate with Ctrl-A.
The shadow strikes at you from the darkness!
You die...

#. .. #.. #.. ..
............ ..###
'###............
#8..#...8#.............
#....#W..#............#
#...#..).#.............
##.#!#.#.+.............
+.#.#%#{##.............
#....#@..#..(..........
#...#....#.............
#8...#..8#..)..........
#..###)####..#...........
#.)....).....###.........
#..........### ##.##.#>.#
############ #########


There were no monsters in sight!

Vanquished Creatures
  Snorg (D:10)
  2 hydras (D:12)
  A death knight (D:12)
  5 two-headed ogres
  2 skeletal warriors (D:12)
  An unseen horror (D:11)
  An ugly thing (D:10)
  A centaur skeleton (D:11)
  A freezing wraith (D:12)
  A komodo dragon (D:11)
  A troll (D:12)
  3 hornets
  2 hippogriffs
  Sigmund (D:4)
  2 wraiths
  5 yaks
  4 hungry ghosts
  A basilisk (D:10)
  2 steam dragons (D:11)
  Duvessa (D:4)
  2 black bears
  2 ice beasts (D:8)
  3 orc warriors
  2 sky beasts (D:7)
  3 eyes of draining (D:11)
  5 ogres
  A necrophage (D:8)
  6 centaurs
  A big kobold (D:10)
  7 bullfrogs
  Dowan (D:4)
  3 scorpions
  A water moccasin skeleton (D:10)
  3 killer bees (D:8)
  5 wights (D:10)
  An electric eel (D:10)
  A howler monkey (D:10)
  3 crimson imps
  4 jellies
  2 centaur zombies
  2 hounds
  6 orc priests
  10 orc wizards
  A bullfrog skeleton (D:10)
  7 iguanas
  Jessica (D:3)
  4 worker ants
  A mummy (Ossuary)
  2 worker ant zombies
  8 adders
  2 shadow imps
  6 oozes
  An adder skeleton (D:8)
  A worm (D:3)
  3 dart slugs (D:1)
  6 leopard geckos
  42 orcs
  3 ball pythons
  9 bats
  3 giant cockroaches
  2 goblins
  6 hobgoblins
  5 jackals
  10 kobolds
  3 quokkas
  4 frilled lizards (D:3)
  6 gnoll skeletons (Ossuary)
  5 kobold skeletons (Ossuary)
  A leopard gecko zombie (D:8)
  14 orc skeletons (Ossuary)
  A quokka zombie (D:7)
  11 rats
  A bush (D:1)
  A plant (D:11)
282 creatures vanquished.

Vanquished Creatures (others)
  2 plants (D:11)
2 creatures vanquished.

Grand Total: 284 creatures vanquished

Notes
Turn   | Place    | Note
-------+----------+-------------------------------------------
     0 | D:1      | Erymatos the Minotaur Berserker began the quest for the
                  | Orb.
     0 | D:1      | Reached XP level 1. HP: 19/19 MP: 0/0
   270 | D:1      | Reached XP level 2. HP: 25/27 MP: 1/1
   309 | D:1      | Reached skill level 4 in Axes
   689 | D:1      | Reached XP level 3. HP: 33/33 MP: 2/2
   813 | D:1      | Reached ** piety under Trog
  1046 | D:2      | Found an ornate altar of the Wu Jian Council.
  1444 | D:3      | Reached XP level 4. HP: 36/41 MP: 3/3
  1830 | D:3      | Noticed Jessica
  1840 | D:3      | Killed Jessica
  1840 | D:3      | Reached skill level 5 in Axes
  1964 | D:3      | Reached *** piety under Trog
  2557 | D:4      | Found a radiant altar of Vehumet.
  2688 | D:4      | Noticed Duvessa
  2688 | D:4      | Noticed Dowan
  2694 | D:4      | Killed Duvessa
  2694 | D:4      | Reached skill level 6 in Axes
  2694 | D:4      | Reached XP level 5. HP: 40/47 MP: 4/4
  2694 | D:4      | Killed Dowan
  2694 | D:4      | Reached skill level 5 in Fighting
  2694 | D:4      | Reached XP level 6. HP: 47/56 MP: 5/5
  2773 | D:4      | Found a sand-covered staircase.
  2865 | Ossuary  | Entered an ossuary
  2865 | Ossuary  | Noticed a wraith
  2865 | Ossuary  | Noticed a wraith
  2865 | Ossuary  | Noticed a wraith
  2993 | Ossuary  | Noticed a wraith
  3003 | Ossuary  | Killed a wraith
  3003 | Ossuary  | Reached skill level 7 in Axes
  3155 | D:4      | Found a glowing silver altar of Zin.
  3246 | D:4      | Noticed Sigmund
  3261 | D:4      | Killed Sigmund
  3261 | D:4      | Reached skill level 8 in Axes
  3261 | D:4      | Reached skill level 1 in Shields
  3261 | D:4      | Reached XP level 7. HP: 58/61 MP: 6/6
  3387 | D:4      | Reached **** piety under Trog
  3649 | D:5      | Entered Level 5 of the Dungeon
  3667 | D:5      | You fall into a shaft and drop 2 floors!
  3804 | D:7      | Noticed a hippogriff
  3818 | D:7      | Killed a hippogriff
  4042 | D:7      | Reached XP level 8. HP: 68/70 MP: 7/7
  4071 | D:7      | Reached skill level 9 in Axes
  4194 | D:7      | Reached skill level 5 in Armour
  4593 | D:8      | Found Keegyot's Antique Armour Shoppe.
  4601 | D:8      | Bought a warped cloak for 247 gold pieces
  4606 | D:8      | Identified the +0 cloak of Tomorrow {-Tele Regen+ Stlth+}
                  | (You bought it in a shop on level 8 of the Dungeon)
  4743 | D:8      | Found Honem's Book Shoppe.
  4758 | D:8      | Reached skill level 10 in Axes
  4796 | D:8      | Noticed a two-headed ogre
  4802 | D:8      | Killed a two-headed ogre
  4802 | D:8      | Reached XP level 9. HP: 60/79 MP: 8/8
  4861 | D:8      | Reached skill level 11 in Axes
  5111 | D:8      | Reached ***** piety under Trog
  5230 | D:8      | Found Lakyzudo's General Store.
  5253 | D:8      | Bought a scroll of identify for 28 gold pieces
  5253 | D:8      | Bought a potion of heal wounds for 70 gold pieces
  5304 | D:8      | Found Kizximo's Food Boutique.
  5744 | D:9      | Reached skill level 12 in Axes
  5834 | D:9      | Found Roerghac's Jewellery Boutique.
  5914 | D:10     | Entered Level 10 of the Dungeon
  5938 | D:10     | Noticed a two-headed ogre
  5950 | D:10     | Reached skill level 5 in Shields
  5951 | D:10     | Reached XP level 10. HP: 85/88 MP: 9/9
  5954 | D:10     | Killed a two-headed ogre
  6085 | D:10     | Found a staircase to the Orcish Mines.
  6173 | D:10     | Paralysed by a hornet for 2 turns
  6230 | D:10     | Noticed a two-headed ogre
  6241 | D:10     | Killed a two-headed ogre
  6241 | D:10     | Reached skill level 13 in Axes
  6429 | D:10     | Noticed a white ugly thing
  6440 | D:10     | Killed a white ugly thing
  6440 | D:10     | Received a gift from Trog
  6763 | D:10     | Found Gaec's Island Escapes.
  6975 | D:10     | Noticed Snorg
  6990 | D:10     | Killed Snorg
  6990 | D:10     | Reached XP level 11. HP: 9/97 MP: 10/10
  7468 | D:10     | Bought a scroll of teleportation for 42 gold pieces
  7468 | D:10     | Bought a scroll of fog for 28 gold pieces
  7700 | D:11     | Found a sacrificial altar of Ru.
  7749 | D:11     | Found a staircase to the Lair.
  7780 | D:11     | Killed an unseen horror
  7780 | D:11     | Reached skill level 14 in Axes
  8079 | D:11     | Reached skill level 5 in Dodging
  8686 | D:11     | Noticed a two-headed ogre
  8694 | D:11     | Killed a two-headed ogre
  9019 | D:12     | Noticed a seven-headed hydra
  9030 | D:12     | Killed a 13-headed hydra
  9030 | D:12     | Reached skill level 15 in Axes
  9030 | D:12     | Reached skill level 10 in Armour
  9430 | D:12     | Noticed an eight-headed hydra
  9439 | D:12     | Noticed a two-headed ogre
  9443 | D:12     | Killed a 16-headed hydra
  9446 | D:12     | Killed a two-headed ogre
  9686 | D:12     | Noticed a skeletal warrior
  9686 | D:12     | Noticed a skeletal warrior
  9701 | D:12     | Killed a skeletal warrior
  9701 | D:12     | Reached skill level 10 in Fighting
  9701 | D:12     | Reached XP level 12. HP: 93/106 MP: 11/11
  9754 | D:12     | Noticed a death knight
  9765 | D:12     | HP: 4/159 [death knight/+3 morningstar (28)]
  9766 | D:12     | Killed a death knight
  9766 | D:12     | HP: 1/159 [mirror damage (3)]
  9773 | D:12     | Slain by a shadow

Illustrated notes

Levels and vault maps discovered:
D:1:      saegor_arrival_simple_e, layout_loops_ring, serial_forest,
          infiniplex_forest_clump_cross, infiniplex_forest_clump_long,
          infiniplex_forest_zigzag_1, infiniplex_forest_end_2,
          infiniplex_forest_clump_tiny, infiniplex_forest_diagonal,
          infiniplex_forest_clump_long
D:2:      layout_basic, lemuel_crystal_altar, due_unseen_surprise
D:3:      layout_loops_corners, first_ration, patterned_corridor, uniq_jessica
D:4:      layout_basic, grunt_temple_overflow_open,
          nicolae_ossuary_entry_monument, uniq_duvessa, uniq_sigmund
D:5:      cheibrodos_barr_body, layout_basic, nicolae_overflow_crystal_walls,
          minmay_temple_entry_slanted, serial_glass, glass_columns_a,
          glass_columns_a, gammafunk_ghost_arena, chequers_garden,
          uniq_prince_ribbit1, uniq_grinder, uniq_blork_the_orc
D:7:      layout_loops_ring, serial_aquarium, aquarium_bridge_long_joined
          [aquarium_subvault_balcony, aquarium_subvault_window,
          aquarium_subvault_window, aquarium_subvault_wall,
          aquarium_subvault_bridge, aquarium_subvault_bridge],
          aquarium_window_1, aquarium_window_double, aquarium_window_1,
          aquarium_view_2g, aquarium_view_2f, aquarium_balcony_5b
D:8:      layout_loops_cross, serial_shops, shop, shop, shop, shop,
          minmay_misc_feat_tower
D:9:      layout_roguey, serial_shops, shop_coins
D:10:     wad_arrow_thing, layout_basic, orc_0_dummy,
          hangedman_little_slice_of_home, chequers_serial_rivers_marsh,
          nicolae_island_escapes, uniq_snorg
D:11:     cheibrodos_steamvent, layout_loops_ring, david_lair_shrubbed,
          nicolae_ru_path_of_blood
D:12:     layout_big_octagon, minivault_1, grunt_dithmenos_smoke, uniq_psyche

Skill      XL: |  1  2  3  4  5  6  7  8  9 10 11 |
---------------+----------------------------------+-----
Axes           | 4 6 8 10 12 13 15 | 15.3
Fighting       | 4 5 6 7 9 10 | 10.1
Dodging        | 3 4 5 |  5.5
Armour         | 3 4 7 9 10 | 10.7
Shields        | 1 2 5 7 9 |  9.7
Stealth        | |  0.6

Action                   |  1- 3 |  4- 6 |  7- 9 | 10-12 || total
-------------------------+-------+-------+-------+-------++-------
Melee: Hand axe          |   151 |    31 |       |       ||   182
       Headbutt          |    41 |    17 |    42 |    68 ||   168
       War axe           |       |    56 |   254 |   131 ||   441
       Broad axe         |       |       |       |   259 ||   259
Invok: Berserk           |       |       |     3 |     5 ||     8
       Trog's Hand       |       |       |       |     1 ||     1
  Use: Scroll            |       |       |       |    13 ||    13
       Potion            |       |       |       |     2 ||     2
 Stab: Distracted        |       |       |       |     1 ||     1
  Eat: Chunk             |     2 |     5 |     9 |    18 ||    34
       Ration            |       |       |     1 |     1 ||     2
Armor: Animal skin       |    22 |     1 |       |       ||    23
       Ring mail         |       |    25 |     7 |       ||    32
       Chain mail        |       |       |   105 |   170 ||   275
Dodge: Dodged            |    65 |    48 |    98 |    97 ||   308
       Repelled          |       |       |       |     3 ||     3
Block: Buckler           |       |    10 |    10 |       ||    20
       Tower shield      |       |       |    91 |   323 ||   414
